 Dungeon Crawl Stone Soup version 0.18.1-6-gd335043 (webtiles) character file.

1514 M4edhros the Nimble (level 9, 0/72 HPs)
             Began as a Human Wanderer on May 19, 2016.
             Was a Believer of Dithmenos.
             Slain by a wight
             ... wielding a cursed +2 dire flail
              (3 damage)
             ... on level 5 of the Dungeon on May 20, 2016.
             The game lasted 00:10:17 (5614 turns).

M4edhros the Nimble (Human Wanderer)                Turns: 5614, Time: 00:10:18

Health: 0/72       AC: 12    Str: 16    XL:     9   Next: 9%
Magic:  26/26      EV:  9    Int: 13    God:    Dithmenos [**....]
Gold:   100        SH:  2    Dex: 17    Spells: 0 memorised, 8 levels left

rFire  . . .     SeeInvis .     A - -2 shortbow (curse)
rCold  . . .     Gourm    .     p - +0 chain mail
rNeg   . . .     Faith    .     (shield currently unavailable)
rPois  .         Spirit   .     s - +1 helmet
rElec  .         Dismiss  .     (no cloak)
rCorr  .         Reflect  .     (no gloves)
SustAt .         Harm     .     (no boots)
MR     .....     Clarity  +     (no amulet)
Stlth  ..........               w - ring of magical power
                                t - ring of magical power

@: mighty, wreathed by umbra, heavily drained, not resistant to hostile
enchantments, extremely unstealthy
A: large bone plates 1, clarity, low mp 1, slow regeneration 1
a: Shadow Step, Renounce Religion


You were on level 5 of the Dungeon.
You worshipped Dithmenos.
Dithmenos was pleased with you.
You were not hungry.

You visited 1 branch of the dungeon, and saw 6 of its levels.

You collected 289 gold pieces.
You spent 189 gold pieces at shops.

Inventory:

Hand Weapons
 b - a +0 shortbow
 e - a +2 short sword of venom
 r - the +1 halberd of Immorality {drain, Dex+3}
   (You bought it in a shop on level 4 of the Dungeon)

   A truly terrible weapon, it drains the life of those it strikes.
   It affects your dexterity (+3).
 A - a cursed -2 shortbow (weapon)
Missiles
 c - 74 arrows (quivered)
Armour
 a - a +2 scale mail
 n - a +1 leather armour of magic resistance
 p - a +0 chain mail (worn)
 s - a +1 helmet (worn)
Jewellery
 j - an uncursed ring of ice
 t - a ring of magical power (left hand)
 w - a ring of magical power (right hand)
Scrolls
 i - a scroll of enchant armour
 l - a scroll of recharging
 v - a scroll of teleportation
 x - 2 scrolls of identify
 y - a scroll of blinking
Potions
 h - a potion of brilliance
Books
 m - a book of Spatial Translocations

   Spells                             Type                      Level
   a - Apportation                    Translocation                1
   b - Blink                          Translocation                2
   c - Shroud of Golubria             Charms/Translocation         2
   d - Portal Projectile              Translocation                3
   e - Teleport Other                 Translocation                3
   f - Passage of Golubria            Translocation                4
Comestibles
 f - 4 bread rations
 g - 5 beef jerkies
 q - 5 fruits
 u - a chunk of flesh


   Skills:
 + Level 7.1(4.3) Fighting
   Level 1.0(0.0) Crossbows
 - Level 1.0(0.0) Throwing
 - Level 2.0(0.0) Armour
 - Level 8.5(5.6) Dodging
 - Level 1.0(0.0) Stealth
   Level 1.0(0.0) Evocations


You had 8 spell levels left.
You didn't know any spells.

Dungeon Overview and Level Annotations

Branches:
Dungeon (6/15)             Temple (0/1) D:6

Altars:
Cheibriados
Dithmenos
Kikubaaqudgha
Makhleb
Okawaru
The Shining One

Shops:
D:4 (


Innate Abilities, Weirdness & Mutations

You are partially covered in large bone plates (AC +2, SH +2).
You possess an exceptional clarity of mind.
Your magical capacity is low (-10% MP).
You regenerate slowly when monsters are visible.


Message History

You clumsily bash the wight.
The wight is severely damaged.
The wight hits you but does no damage.
You clumsily bash the wight but do no damage.
The wight is severely damaged.
The wight barely misses you.
You clumsily bash the wight but do no damage.
The wight is severely damaged.
The wight hits you with an enchanted dire flail.
* * * LOW HITPOINT WARNING * * *
The wight hits you with an enchanted dire flail.
* * * LOW HITPOINT WARNING * * *
You completely miss the wight.
The wight is severely damaged.
The wight hits you with an enchanted dire flail.
* * * LOW HITPOINT WARNING * * *
You barely miss the wight.
The wight is severely damaged.
The wight hits you with an enchanted dire flail.
You die...

.##...# #.#
...#### #(# ...#
#.# ...#### #.#
......# #.#
......## #[#
_......### #)#
.........# #z#
......##.# #@#
...#####.# #)#
...# #.# #.# ...#
#.# #.# .### #.#
#.# .# #.# #.# .#
#.#######.#
.#######.##.....(#
.........##.######


You could see a wight.

Vanquished Creatures
  A black bear (D:5)
  An ice beast (D:5)
  A phantom (D:6)
  2 ogres (D:4)
  2 centaurs
  The ghost of IjonTichy1 the Charlatan, an amateur KoAr (D:3)
  A wight (D:5)
  A howler monkey (D:3)
  4 crimson imps (D:5)
  A hound (D:5)
  3 orc wizards
  Terence (D:2)
  Ijyb (D:2)
  2 iguanas (D:4)
  3 worker ants (D:4)
  Robin (D:4)
  7 gnolls
  13 adders
  A shadow imp (D:5)
  An ooze (D:3)
  An adder zombie (D:5)
  5 worms
  A dart slug (D:3)
  A giant gecko (D:1)
  6 orcs
  3 ball pythons
  8 giant cockroaches
  12 hobgoblins
  7 jackals
  3 kobolds (D:2)
  2 quokkas
  6 bats
  9 giant newts
  19 goblins
  7 rats
138 creatures vanquished.

Notes
Turn   | Place    | Note
--------------------------------------------------------------
     0 | D:1      | M4edhros the Human Wanderer began the quest for the Orb.
     0 | D:1      | M4edhros set off with: a +2 scale mail, a +0 shortbow, 26 arrows, a potion of curing, a bread ration
     0 | D:1      | Reached XP level 1. HP: 16/16 MP: 1/1
   439 | D:1      | Reached XP level 2. HP: 22/22 MP: 2/2
   753 | D:2      | Noticed Ijyb
   759 | D:2      | Killed Ijyb
   759 | D:2      | Reached skill level 3 in Dodging
   759 | D:2      | Reached XP level 3. HP: 23/27 MP: 3/3
   794 | D:2      | Reached skill level 4 in Dodging
   794 | D:2      | Reached XP level 4. HP: 25/33 MP: 4/4
  1117 | D:3      | Noticed IjonTichy1's ghost (amateur KoAr)
  1140 | D:3      | Killed IjonTichy1's ghost
  1140 | D:3      | Reached skill level 5 in Dodging
  1140 | D:3      | Reached XP level 5. HP: 17/38 MP: 5/5
  1144 | D:3      | Found a shadowy altar of Dithmenos.
  1308 | D:3      | Became a worshipper of Dithmenos the Shadowed
  1322 | D:3      | Reached XP level 6. HP: 41/44 MP: 6/6
  1327 | D:2      | Noticed Terence
  1339 | D:2      | Killed Terence
  1339 | D:2      | Reached skill level 6 in Dodging
  1384 | D:2      | Found a burning altar of Makhleb.
  1818 | D:2      | You fall through a shaft!
  1908 | D:3      | Reached * piety under Dithmenos
  2166 | D:2      | Found a glowing golden altar of the Shining One.
  2578 | D:3      | Gained mutation: You possess an exceptional clarity of mind. [potion of beneficial mutation]
  2627 | D:4      | Reached XP level 7. HP: 46/50 MP: 7/7
  2761 | D:4      | Reached skill level 7 in Dodging
  2988 | D:4      | Found Felas's Antique Weapon Emporium.
  2997 | D:4      | Bought a crude halberd for 189 gold pieces
  2997 | D:4      | Identified the cursed +1 halberd of Immorality {drain, Dex+3} (You bought it in a shop on level 4 of the Dungeon)
  3196 | D:4      | Noticed Robin
  3224 | D:4      | Killed Robin
  3347 | D:4      | Gained mutation: Your magical capacity is low (-10% MP). [potion of mutation]
  3347 | D:4      | Gained mutation: Scrolls take you a little longer to read. [potion of mutation]
  3348 | D:4      | Gained mutation: You are partially covered in large bone plates (AC +2, SH +2). [potion of mutation]
  3348 | D:4      | Gained mutation: You regenerate slowly when monsters are visible. [potion of mutation]
  3348 | D:4      | Lost mutation: Scrolls take you a little longer to read. [potion of mutation]
  3361 | D:4      | Reached skill level 8 in Dodging
  3363 | D:4      | Reached ** piety under Dithmenos
  3380 | D:4      | Reached XP level 8. HP: 11/56 MP: 7/7
  3470 | D:4      | Found an ancient bone altar of Kikubaaqudgha.
  3731 | D:4      | Found an iron altar of Okawaru.
  3765 | D:5      | Entered Level 5 of the Dungeon
  4544 | D:5      | Found a snail-covered altar of Cheibriados.
  4817 | D:6      | Found a staircase to the Ecumenical Temple.
  4827 | D:6      | Reached skill level 5 in Fighting
  5465 | D:5      | Reached XP level 9. HP: 71/71 MP: 8/8
  5613 | D:5      | HP: 3/72 [wight/enchanted dire flail (2)]
  5614 | D:5      | Slain by a wight

Skill      XL: |  1  2  3  4  5  6  7  8  9 |
---------------+----------------------------+-----
Dodging        | 3 4 5 6 8 |  8.5
Fighting       | 6 7 |  7.1
Crossbows      | |  1.0
Throwing       | |  1.0
Armour         | |  2.0
Stealth        | |  1.0
Evocations     | |  1.0

Action                   |  1- 3 |  4- 6 |  7- 9 || total
-------------------------+-------+-------+-------++-------
Melee: Short sword       |    26 |   185 |     3 ||   214
       Halberd           |       |       |   324 ||   324
       Shortbow          |       |       |    26 ||    26
 Fire: Shortbow          |     4 |       |    89 ||    93
  Use: Potion            |       |     2 |     9 ||    11
       Scroll            |       |     5 |     7 ||    12
  Eat: Chunk             |       |     6 |    11 ||    17
Armor: Scale mail        |    14 |    73 |    60 ||   147
       Chain mail        |       |       |   288 ||   288
Dodge: Dodged            |    11 |    89 |   389 ||   489
Block: Other             |       |       |    31 ||    31
